 Dungeon Crawl Stone Soup version 0.26-a0-597-gb535b0901c (webtiles) character file.

Game seed: 10661284912230709938

28 Lanoc the Cudgeler (level 3, -4/35 HPs)
             Began as a Gnoll Chaos Knight on Aug 27, 2020.
             Was a Plaything of Xom.
             Slain by a worm (15 damage)
             ... on level 3 of the Dungeon.
             The game lasted 00:00:40 (468 turns).

Lanoc the Cudgeler (Gnoll Chaos Knight)              Turns: 468, Time: 00:00:40

Health: -4/35      AC:  5    Str: 14    XL:     3   Next: 14%
Magic:  3/3        EV: 12    Int: 14    God:    Xom [..*...]
Gold:   4          SH:  0    Dex: 15    Spells: 3/3 levels left

rFire    . . .     SeeInvis .   a - +0 mace (chaos)
rCold    . . .     Faith    .   (no shield)
rNeg     . . .     Spirit   .   b - +2 leather armour
rPois    .         Reflect  .   d - +0 hat
rElec    .         Harm     .   (no cloak)
rCorr    .                      (no gloves)
MR       .....                  (no boots)
Stlth    +.........             (no amulet)
HPRegen  0.11/turn              (no ring)
MPRegen  0.08/turn              (no ring)

@: no status effects
A: distributed training, fangs 1, blurry vision 1, screaming 1, strong nose
a: Renounce Religion


You were on level 3 of the Dungeon.
You worshipped Xom.
You were a toy of Xom.
You visited 1 branch of the dungeon, and saw 3 of its levels.

You collected 4 gold pieces.

Inventory:

Hand Weapons
 a - a +0 mace of chaos (weapon)
Armour
 b - a +2 leather armour (worn)
 d - a +0 hat (worn)
Scrolls
 c - a scroll of random uselessness {unknown}


   Skills:
 + Level 6.5 Fighting
 + Level 0.6 Short Blades
 + Level 0.6 Long Blades
 + Level 0.6 Axes
 + Level 6.5 Maces & Flails
 + Level 0.6 Polearms
 + Level 0.6 Staves
 + Level 0.6 Slings
 + Level 0.6 Bows
 + Level 0.6 Crossbows
 + Level 0.6 Throwing
 + Level 4.5 Armour
 + Level 2.5 Dodging
 + Level 0.6 Stealth
 + Level 0.6 Shields
 + Level 0.6 Unarmed Combat
 + Level 0.6 Spellcasting
 + Level 0.4 Conjurations
 + Level 0.4 Hexes
 + Level 0.4 Summonings
 + Level 0.4 Necromancy
 + Level 0.4 Translocations
 + Level 0.4 Transmutations
 + Level 0.4 Fire Magic
 + Level 0.4 Ice Magic
 + Level 0.4 Air Magic
 + Level 0.4 Earth Magic
 + Level 0.4 Poison Magic
 + Level 0.8 Invocations
 + Level 0.6 Evocations


You had 3 spell levels left.
You didn't know any spells.
Your spell library was empty.

Dungeon Overview and Level Annotations

Branches:
Dungeon (3/15)

Altars:


Innate Abilities, Weirdness & Mutations

Your experience applies equally to all skills.
You have very sharp teeth.
Your uncanny sense of smell can sniff out nearby items.
Scrolls take you a little longer to read.
You occasionally shout uncontrollably at your foes.


Message History

You barely miss the worm.
The worm is severely wounded.
The worm closely misses you.
You hit the worm.
You kill the worm!
You hit the worm. You freeze the worm.
The worm is moderately wounded.
The worm closely misses you.
You hit the worm.
The worm is heavily wounded.
The worm bites you!
You are too injured to fight recklessly!
You are too injured to fight recklessly!
You hit the worm but do no damage.
The worm seems to grow stronger.
Xom is mildly amused.
The worm is heavily wounded.
You hit the worm. You burn the worm.
The worm is heavily wounded.
The worm bites you!
You die...

###.###.###. #.# #.# .#
.....$ #.# #.# .. ..(..#
###.###.## #.#####...$.#
.........###..##.......#
##.........##.##.......#
#.........##)##.......#
#.........##..#.w......
................@.......
#######.....##..##......
........###.## .....
###.....# #..# ....
#.....# ##†# .[.
.......# #.# ∆..
#.#.....# #.# #
#.#.....# #.# ###


You could see a worm (strong).

Vanquished Creatures
  A gnoll (D:1)
  A worm (D:3)
  An orc (D:3)
  2 bats (D:1)
  3 goblins
  2 hobgoblins
  A quokka (D:3)
  2 kobolds
  A rat (D:1)
14 creatures vanquished.

Notes
Turn   | Place    | Note
-------+----------+-------------------------------------------
     0 | D:1      | Lanoc the Gnoll Chaos Knight began the quest for the Orb.
     0 | D:1      | Reached XP level 1. HP: 23/23 MP: 1/1
    15 | D:1      | XOM: divination: detect items
    33 | D:1      | XOM: divination: magic mapping
    95 | D:1      | Reached XP level 2. HP: 3/29 MP: 2/2
   131 | D:1      | XOM: give mutations
   131 | D:1      | Gained mutation: Scrolls take you a little longer to read.
                  | [Xom's mischief]
   131 | D:1      | Gained mutation: You occasionally shout uncontrollably at
                  | your foes. [Xom's mischief]
   239 | D:1      | XOM: noise
   329 | D:1      | XOM: cloud trail
   445 | D:3      | Reached XP level 3. HP: 35/35 MP: 3/3
   468 | D:3      | Slain by a worm

Illustrated notes

Levels and vault maps discovered:
D:1:      elethiomel_arrival_maze, layout_basic
D:2:      layout_loops_cross, lemuel_crystal_altar,
          chequers_ecumenical_altar_simple_redux, uniq_natasha
D:3:      layout_basic, nicolae_gozag_cash_rules_everything_around_me

Action                   || total
-------------------------++-------
Melee: Mace              ||    44
       Bite              ||     2
 Stab: Paralysed         ||     1
Armor: Leather armour    ||     5
Dodge: Dodged            ||    21

Table legend: (Time is in decaauts)
 A = Elapsed time spent in this place.
 B = Non-inter-level travel time spent in this place.
 C = Inter-level travel time spent in this place.
 D = Time resting spent in this place.
 E = Time spent auto-exploring this place.
 F = Levels seen in this place.
 G = Mean time per level.
                   A        B        C        D        E       F      G
               +--------+--------+--------+--------+--------+-----+--------+
         Total |    470 |    461 |      9 |      0 |    361 |   3 |  156.7 |
       Dungeon |    470 |    461 |      9 |      0 |    361 |   3 |  156.7 |
               +--------+--------+--------+--------+--------+-----+--------+

Top non-repeatable levels by time:
     D:1: 392 daAuts
     D:3: 65 daAuts
     D:2: 13 daAuts
